Map: Terraform LE (Void)

Players

SticklerMac

  • Race: Zerg Zerg
  • League: Bronze

Kakaroto - Winner!

  • Race: Protoss Protoss
  • League: Bronze

VOD

Have the link to the VOD?

Description

Time

  • Played on: Aug. 10, 2015, 7:25 p.m.
  • Length: 12:47
Show
View Real Time Build Order
Export as new Build Order

SticklerMac Zerg 

Build Orders: Pool First, Zergling Baneling 

Get SALT Encoding   

  12  0:01  Drone  
  13  0:08  Drone  
  14  0:26  Spawning Pool  
  13  0:30  Drone  
  13  0:33  Extractor  
  13  0:36  Drone  
  14  0:45  Overlord  
  14  1:06  Drone x2  
  16  1:13  Queen  
  16  1:15  Zergling x2  
  19  1:20  Zergling x2  
  20  1:28  Zergling x2  
  21  1:37  Metabolic Boost  
  21  1:41  Zergling x2  
  22  1:57  Overlord  
  21  2:16  Hatchery  
  20  2:26  Baneling Nest  
  20  2:29  Drone  
  20  2:37  Zergling x2  
  21  2:39  Zergling x2  
  22  2:44  Zergling x2  
  22  2:56  Zergling x2  
  22  2:57  Drone  
  24  3:01  Zergling x2  
  23  3:09  Drone  
  23  3:10  Drone  
  24  3:23  Drone x3  
  27  3:32  Zergling x2  
  28  3:38  Spore Crawler  
  27  3:42  Zergling x4  
  29  3:49  Baneling x2  
  29  3:50  Baneling x2  
  29  3:51  Baneling  
  29  3:52  Baneling  
  29  3:56  Zergling x2  
  29  3:57  Zergling x2  
  29  4:12  Zergling x8  
  29  4:14  Zergling x2  
  30  4:22  Drone  
  31  4:26  Zergling x4  
  34  4:31  Zergling x2  
  34  4:36  Zergling x2  
  34  4:38  Overlord  
  35  4:43  Overlord  
  35  4:51  Baneling x3  
  35  4:52  Zergling x2  
  35  4:55  Baneling x2  
  35  4:58  Drone  
  36  5:00  Drone  
  36  5:10  Drone x3  
  35  5:23  Zergling x2  
  35  5:24  Drone x3  
  38  5:30  Zergling x2  
  38  5:35  Zergling x2  
  34  5:36  Drone  
  34  5:42  Queen  
  36  5:57  Zergling x4  
  36  5:58  Zergling x4  
  36  6:00  Zergling x2  
  40  6:06  Hatchery, Drone  
  39  6:23  Drone x2  
  39  6:24  Drone x2  
  43  6:35  Roach Warren  
  43  6:37  Evolution Chamber  
  41  6:40  Lair  
  41  6:41  Queen  
  43  7:02  Drone  
  43  7:03  Overlord x3  
  43  7:04  Overlord  
  43  7:06  Zerg Missile Weapons Level 1  
  44  7:13  Extractor  
  43  7:17  Extractor  
  43  7:37  Drone x3  
  43  7:39  Drone x3  
  43  7:44  Drone x4  
  50  7:45  Drone x2  
  50  7:50  Roach x2  
  50  7:51  Roach x6  
  66  7:56  Roach  
  72  8:04  Overseer  
  71  8:26  Roach, Zergling x2  
  71  8:27  Roach x9  
  76  8:30  Roach  
  76  8:31  Roach  
  69  8:49  Roach x6  
  66  9:04  Roach x4  
  74  9:10  Zergling x4  
  76  9:17  Zergling x2  
  77  9:30  Glial Reconstitution  
  77  9:31  Zergling x4  
  77  9:32  Zergling x2  
  80  9:39  Drone x2  
  80  9:40  Overlord  
  82  10:00  Roach  
  82  10:01  Roach x3  
  82  10:04  Overlord  
  82  10:05  Overlord  
  82  10:17  Roach x2  
  82  10:18  Roach  
  68  10:21  Drone  
  48  10:30  Zergling x2  
  48  10:31  Roach x2  
  51  10:39  Roach x2  
  55  10:43  Roach  
  57  10:50  Roach  
  57  10:56  Roach x2  
  63  11:01  Roach  
  65  11:05  Spine Crawler  
  65  11:09  Overseer  
  65  11:10  Roach  
  66  11:17  Roach  
  68  11:18  Roach  
  70  11:27  Queen  
  33  11:54  Zergling x2  
  33  11:55  Roach x2  
  33  11:56  Roach x5  
  38  12:07  Overseer  
  39  12:14  Zergling x2  
  37  12:16  Zergling x4  
  37  12:21  Zergling x2  
  30  12:30  Zergling x2  
Show
View Real Time Build Order
Export as new Build Order

Kakaroto Protoss - Winner!

Build Orders:  

Get SALT Encoding   

  12  0:01  Probe  
  13  0:15  Pylon  
  13  0:18  Probe  
  14  0:34  Probe (Chrono Boost)  
  16  0:43  Probe (Chrono Boost), Gateway  
  16  0:51  Probe  
  17  1:03  Probe (Chrono Boost)  
  18  1:05  Pylon  
  18  1:14  Probe (Chrono Boost)  
  19  1:20  Probe  
  20  1:36  Forge  
  20  1:42  Gateway  
  20  1:44  Zealot (Chrono Boost)  
  22  1:54  Pylon  
  22  2:01  Assimilator  
  22  2:04  Zealot  
  22  2:05  Assimilator  
  24  2:10  Pylon  
  24  2:18  Gateway  
  24  2:29  Nexus  
  24  2:38  Pylon  
  24  2:42  Pylon  
  23  3:19  Photon Cannon  
  23  3:20  Photon Cannon  
  23  3:40  Pylon  
  23  3:41  Cybernetics Core  
  23  3:43  Photon Cannon  
  23  4:00  Zealot x2  
  27  4:03  Pylon  
  27  4:11  Gateway  
  29  4:27  Mothership Core (Chrono Boost)  
  29  4:29  Stalker  
  32  4:38  Probe (Chrono Boost)  
  32  4:39  Warp Gate (Chrono Boost)  
  32  4:41  Probe (Chrono Boost)  
  33  4:48  Probe (Chrono Boost)  
  33  4:50  Probe (Chrono Boost)  
  35  4:55  Probe  
  36  5:11  Sentry  
  28  5:44  Probe x2  
  30  5:52  Pylon  
  30  5:56  Probe x2  
  32  6:08  Probe (Chrono Boost)  
  32  6:09  Probe (Chrono Boost)  
  34  6:12  Robotics Facility  
  34  6:15  Pylon  
  34  6:18  Gateway  
  34  6:20  Gateway, Probe (Chrono Boost)  
  34  6:21  Probe (Chrono Boost)  
  36  6:27  Protoss Ground Weapons Level 1 (Chrono Boost)  
  36  6:37  Zealot  
  36  6:38  Zealot x2  
  42  6:41  Sentry  
  44  7:02  Photon Cannon  
  44  7:07  Photon Cannon  
  44  7:10  Adept  
  44  7:11  Adept x3  
  52  7:19  Observer  
  52  7:22  Zealot x2  
  57  7:32  Zealot x3  
  63  7:42  Assimilator  
  63  7:43  Assimilator  
  63  7:50  Adept x2  
  67  7:54  Stalker  
  69  8:12  Immortal  
  52  8:59  Immortal (Chrono Boost)  
  54  9:06  Protoss Ground Armor Level 1 (Chrono Boost)  
  54  9:08  Stalker x3  
  60  9:13  Probe x2  
  50  9:25  Stalker x3, Probe  
  50  9:27  Immortal (Chrono Boost)  
  61  9:45  Adept  
  61  9:46  Adept x2  
  67  10:00  Zealot x3  
  73  10:17  Zealot x3  
  65  10:31  Adept x3  
  71  10:45  Adept  
  71  10:46  Adept x2  
  77  11:03  Sentry x3  
  83  11:07  Nexus  
  83  11:10  Pylon  
  83  11:26  Pylon  
  61  11:57  Stalker x2  
  61  11:58  Stalker x4  
Tags
 
Add a new tag
Caveats
  • Supply blocks, unpowered buildings, or Contaminate may cause inaccurate times.
  • Supply counts are checked every 10 seconds.